 Dungeon Crawl Stone Soup version 0.27-a0-1384-g1422d76b99 (webtiles) character file.

Game seed: 12682891645825310621

2237 wesbby the Ruffian (level 9, -4/88 HPs)
             Began as a Troll Berserker on June 30, 2021.
             Was an Elder of Trog.
             Slain by Maggie (6 damage)
             ... on level 7 of the Dungeon.
             The game lasted 00:13:59 (4970 turns).

wesbby the Ruffian (Troll Berserker)                Turns: 4970, Time: 00:14:00

Health: -4/88      AC:  5    Str: 30    XL:     9   Next: 14%
Magic:  8/8        EV: 11    Int:  3    God:    Trog [****..]
Gold:   429        SH:  0    Dex:  9    Spells: 8/8 levels left

rFire    . . .     SeeInvis .   b - +7 quick blade
rCold    . . .     Faith    .   (no shield)
rNeg     . . .     Spirit   .   a - +1 animal skin
rPois    .         Reflect  .   (helmet restricted)
rElec    .         Harm     .   (no cloak)
rCorr    .         Rampage  .   (gloves unavailable)
Will     ++...                  (boots unavailable)
Stlth    +.........             d - amulet of magic regeneration
HPRegen  2.24/turn              (no ring)
MPRegen  0.36/turn              (no ring)

@: about to teleport, strong-willed, mesmerised, regenerating, studying Slings
A: large, unfitting armour, claws 3, regeneration 1, shaggy fur 1, tough skin 1
a: Renounce Religion, Berserk, Trog's Hand, Brothers in Arms


You were on level 7 of the Dungeon.
You worshipped Trog.
Trog was greatly pleased with you.
You visited 1 branch of the dungeon, and saw 7 of its levels.

You collected 429 gold pieces.

Inventory:

Hand Weapons
 b - a +7 quick blade (weapon)
 l - a +2 quarterstaff of chaos
Missiles
 e - 124 stones (quivered)
 n - a throwing net
Armour
 a - a +1 animal skin (worn)
Jewellery
 d - an amulet of magic regeneration (around neck)
Wands
 k - a wand of paralysis (7)
Scrolls
 c - a scroll of magic mapping {unknown}
 f - a scroll of amnesia {unknown}
 g - a scroll of vulnerability {unknown}
 m - 3 scrolls of identify
 o - a scroll of summoning {unknown}
 p - a scroll of enchant weapon
 r - a scroll of teleportation
Potions
 h - a potion of ambrosia
 i - a potion of attraction
 j - a potion of cancellation
 q - a potion of degeneration {unknown}


   Skills:
 + Level 5.0 Fighting
 + Level 4.2 Short Blades
 + Level 5.6 Dodging
 + Level 1.1 Stealth
 + Level 7.7 Unarmed Combat


You had 8 spell levels left.
You didn't know any spells.
Your spell library was empty.

Dungeon Overview and Level Annotations

Branches:
Dungeon (7/15)             Temple (0/1) D:6

Altars:
Dithmenos
Hepliaklqana
Makhleb
The Shining One

Shops:
D:3 [

Annotations:
D:7 Maggie


Innate Abilities, Weirdness & Mutations

You are too large for most types of armour.
You have claws for hands.
Your natural rate of healing is unusually fast.
You are covered in fur. (AC +1)
You have tough skin. (AC +1)


Message History

You puncture Maggie!
Maggie is heavily wounded.
Maggie closely misses you.
You hit Maggie. You claw Maggie!
Maggie is severely wounded.
Maggie barely misses you.
You hit Maggie.
Maggie is severely wounded.
Maggie casts a spell at you. The bolt of fire hits you!
You hit Maggie. Your claw misses Maggie.
Maggie is severely wounded.
You puncture Maggie!
Maggie is almost dead.
Maggie hits you with a +0 broad axe of flaming!
Maggie burns you.
You barely miss Maggie.
Maggie is almost dead.
Maggie hits you with a +0 broad axe of flaming!
* * * LOW HITPOINT WARNING * * *
Maggie burns you.
* * * LOW HITPOINT WARNING * * *
You hit Maggie.
Maggie is almost dead.
Maggie mumbles the words to a spell, but in the wrong order.
Maggie hits you with a +0 broad axe of flaming!
* * * LOW HITPOINT WARNING * * *
Maggie burns you.
* * * LOW HITPOINT WARNING * * *
Okay, then.
As you read the scroll of teleportation, it crumbles to dust.
You feel strangely unstable. Maggie barely misses you.
You cannot move away from Maggie!
You cannot move away from Maggie!
You barely miss Maggie.
Maggie is almost dead.
Maggie hits you with a +0 broad axe of flaming!
* * * LOW HITPOINT WARNING * * *
Maggie burns you.
You die...

.....@......#.##.##
####.#
..[.........#.....#
.:...
............####..###...
.........#..#(........#
............#.........##
.......####.#....(.....#
.....# #Z#........#.#
...# #@#........<.# .#
#@#........###
#..........#
##.........# #.##..#####
#..#..# ##.#..###
#......# ##.#.#..#
#.#.#..#


You could see Maggie (mesmerising, fast) and a killer bee zombie.

Vanquished Creatures
  3 yaks (D:5)
  Eustachio (D:5)
  A wyvern (D:7)
  An ice beast (D:6)
  A hornet zombie (D:6)
  2 necrophages
  An ogre (D:6)
  2 centaurs (D:4)
  A bullfrog (D:6)
  A water moccasin skeleton (D:5)
  A jelly (D:4)
  4 orc priests
  A bullfrog zombie (D:5)
  Crazy Yiuf (D:6)
  A bullfrog skeleton (D:6)
  2 hounds (D:5)
  3 iguanas
  7 orc wizards
  A hound zombie (D:5)
  A howler monkey zombie (D:6)
  7 adders
  5 gnolls
  A white imp (D:6)
  An adder skeleton (D:4)
  A worm (D:5)
  2 dart slugs
  21 orcs
  6 endoplasms
  4 giant cockroaches
  5 hobgoblins
  2 jackals (D:2)
  7 kobolds
  3 quokkas
  4 ball pythons
  7 bats
  2 frilled lizards
  4 goblins
  5 rats
123 creatures vanquished.

Notes
Turn   | Place    | Note
-------+----------+-------------------------------------------
     0 | D:1      | wesbby the Troll Berserker began the quest for the Orb.
     0 | D:1      | Reached XP level 1. HP: 22/22 MP: 0/0
   162 | D:1      | Reached XP level 2. HP: 23/29 MP: 1/1
   472 | D:2      | Reached XP level 3. HP: 36/36 MP: 2/2
   631 | D:2      | Reached ** piety under Trog
   715 | D:2      | Found a faded altar of an unknown god.
  1150 | D:3      | Reached skill level 4 in Unarmed Combat
  1150 | D:3      | Reached XP level 4. HP: 44/44 MP: 3/3
  1209 | D:3      | Found Lus Mukh's Antique Armour Boutique.
  1420 | D:3      | Found a glowing golden altar of the Shining One.
  2044 | D:4      | You are sucked into a shaft and drop 1 floor!
  2044 | D:5      | Entered Level 5 of the Dungeon
  2059 | D:5      | Reached XP level 5. HP: 34/53 MP: 4/4
  2086 | D:4      | Noticed a centaur
  2086 | D:4      | Noticed a centaur
  2093 | D:4      | Killed a centaur
  2094 | D:4      | Reached skill level 5 in Unarmed Combat
  2094 | D:4      | Reached XP level 6. HP: 35/61 MP: 5/5
  2336 | D:4      | Found a shadowy altar of Dithmenos.
  2349 | D:4      | Found a burning altar of Makhleb.
  2630 | D:4      | Reached *** piety under Trog
  3159 | D:5      | Reached skill level 6 in Unarmed Combat
  3159 | D:5      | Reached XP level 7. HP: 67/67 MP: 6/6
  3209 | D:5      | Noticed Eustachio
  3270 | D:5      | Killed Eustachio
  3338 | D:5      | Noticed a two-headed ogre
  3403 | D:5      | Identified a scroll of acquirement
  3403 | D:5      | Acquired a +6 quick blade
  3534 | D:5      | Found a hazy altar of Hepliaklqana.
  3546 | D:5      | Noticed a yak
  3546 | D:5      | Noticed a yak
  3551 | D:5      | Noticed a yak
  3561 | D:5      | Killed a yak
  3562 | D:5      | Reached skill level 7 in Unarmed Combat
  3572 | D:5      | Killed a yak
  3573 | D:5      | Reached XP level 8. HP: 20/78 MP: 7/7
  3579 | D:5      | Reached skill level 1 in Short Blades
  3586 | D:5      | HP: 1/78 [yak (13)]
  3654 | D:5      | Reached skill level 5 in Dodging
  4206 | D:6      | Reached skill level 1 in Stealth
  4318 | D:6      | Reached **** piety under Trog
  4468 | D:6      | Reached XP level 9. HP: 72/85 MP: 8/8
  4521 | D:6      | Found a sand-covered staircase.
  4646 | D:6      | Found a staircase to the Ecumenical Temple.
  4750 | D:6      | Found a runed translucent door.
  4751 | D:6      | Noticed Crazy Yiuf
  4761 | D:6      | Killed Crazy Yiuf
  4930 | D:7      | Reached skill level 5 in Fighting
  4934 | D:7      | Noticed Maggie
  4970 | D:7      | HP: 2/88 [Maggie (12)]
  4970 | D:7      | Slain by Maggie

Illustrated notes

Levels and vault maps discovered:
D:1:      lemuel_arrival_rhombus, layout_basic
D:2:      layout_loops_ring, basic_ecumenical_altar, serial_aquarium,
          aquarium_bridge_island_large [aquarium_subvault_large_water,
          aquarium_subvault_balcony, aquarium_subvault_window,
          aquarium_subvault_bridge, aquarium_subvault_bridge],
          aquarium_window_fake, aquarium_window_1, aquarium_window_1,
          aquarium_view_2e, aquarium_balcony_3a
D:3:      layout_basic, tso_altar, serial_shops, shop_statue
D:4:      layout_gridville, jmf_multi_god_temple, abandoned_shop,
          amcnicky_mini_pool_small, serial_bayou_lagoon_a,
          kennysheep_small_spiral, minmay_misc_feat_ornament,
          minmay_manual_mares
D:5:      layout_loops_corners, lemuel_tele_altar, uniq_eustachio
D:6:      layout_rooms, minmay_temple_entry_poolview,
          lightli_ossuary_entry_decrepit_ruins, chequers_serial_rivers_room_a,
          uniq_crazy_yiuf_cottage
D:7:      layout_basic, kennysheep_dice, uniq_maggie

Skill      XL: |  1  2  3  4  5  6  7  8  9 |
---------------+----------------------------+-----
Dodging        | 3 4 5 |  5.6
Unarmed Combat | 4 5 6 7 |  7.7
Fighting       | 3 4 5 |  5.0
Short Blades   | 3 4 |  4.2
Stealth        | 1 |  1.1

Action                   |  1- 3 |  4- 6 |  7- 9 || total
-------------------------+-------+-------+-------++-------
Melee: Unarmed           |    86 |   150 |    16 ||   252
       Punch             |       |     5 |     8 ||    13
       Quick blade       |       |       |   203 ||   203
Invok: Berserk           |       |       |     1 ||     1
       Trog's Hand       |       |       |     2 ||     2
  Use: Potion            |       |     8 |     3 ||    11
       Scroll            |       |       |    11 ||    11
Armor: Animal skin       |    31 |    62 |    29 ||   122
Dodge: Dodged            |    36 |    95 |    82 ||   213

Table legend: (Time is in decaauts)
 A = Elapsed time spent in this place.
 B = Non-inter-level travel time spent in this place.
 C = Inter-level travel time spent in this place.
 D = Time resting spent in this place.
 E = Time spent auto-exploring this place.
 F = Levels seen in this place.
 G = Mean time per level.
                   A        B        C        D        E       F      G
               +--------+--------+--------+--------+--------+-----+--------+
         Total |   4854 |   4319 |    535 |      0 |   3369 |   7 |  693.4 |
       Dungeon |   4854 |   4319 |    535 |      0 |   3369 |   7 |  693.4 |
               +--------+--------+--------+--------+--------+-----+--------+

Top non-repeatable levels by time:
     D:4: 1061 daAuts
     D:5: 1015 daAuts
     D:3: 909 daAuts
     D:2: 699 daAuts
     D:6: 675 daAuts
     D:1: 409 daAuts
     D:7: 85 daAuts
